 Dungeon Crawl Stone Soup version 0.24-a0-309-g1095bca (webtiles) character file.

Game seed: 2822701804022184799

254 Spazmo the Magician (level 5, 0/42 HPs)
             Began as a Deep Elf Fire Elementalist on May 14, 2019.
             Slain by a gnoll
             ... wielding a +0 spear
              (2 damage)
             ... on level 3 of the Dungeon.
             The game lasted 00:06:28 (1437 turns).

Spazmo the Magician (Deep Elf Fire Elementalist)    Turns: 1437, Time: 00:06:28

Health: 0/42       AC: 22    Str:  5    XL:     5   Next: 90%
Magic:  1/14       EV:  2    Int: 21    God:
Gold:   88         SH:  0    Dex: 15    Spells: 4/14 levels left

rFire    . . .     SeeInvis .   f - +2 quarterstaff (chaos)
rCold    . . .     Gourm    .   (shield currently unavailable)
rNeg     + + +     Faith    .   (armour currently unavailable)
rPois    +         Spirit   .   (helmet currently unavailable)
rElec    .         Reflect  .   (cloak currently unavailable)
rCorr    .         Harm     .   (gloves currently unavailable)
MR       .....     NoTele   +   (boots currently unavailable)
Stlth    ++........             e - amulet of magic regeneration
HPRegen  0.14/turn              (no ring)
MPRegen  0.39/turn              (no ring)

@: tree-form
A: no striking features
a: no special abilities


You were on level 3 of the Dungeon.
You were not hungry.
You were a tree.
You visited 1 branch of the dungeon, and saw 3 of its levels.

You collected 88 gold pieces.

Inventory:

Hand Weapons
 d - a +1 dagger
 f - a +2 quarterstaff of chaos (weapon)
Missiles
 b - 27 stones (quivered)
Armour
 a - a +0 robe (melded)
 j - a scarf of repulsion (melded)
 n - a +0 pair of gloves (melded)
Jewellery
 e - an amulet of magic regeneration (around neck)
Wands
 m - a wand of random effects (11)
Scrolls
 g - a scroll of enchant armour {unknown}
 i - a scroll of teleportation
Comestibles
 c - 3 rations
 o - a chunk of flesh


   Skills:
 - Level 2.6 Dodging
 - Level 2.6 Stealth
 + Level 5.2 Spellcasting
 + Level 3.7 Conjurations
 + Level 4.9 Fire Magic


You had 4 spell levels left.
You knew the following spells:

 Your Spells              Type           Power        Failure   Level  Hunger
a - Flame Tongue          Conj/Fire      ###..        1%          1    None
b - Throw Flame           Conj/Fire      ###...       2%          2    None
c - Conjure Flame         Conj/Fire      ###.....     5%          3    ##.....
d - Sticky Flame          Conj/Fire      ###.....     19%         4    ####...

Your spell library contained the following spells:

 Spells                   Type           Power        Failure   Level  Hunger
 Inner Flame              Hex/Fire       ###.....     12%         3    ##.....
 Fireball                 Conj/Fire      ###.......   45%         5    #####..


Dungeon Overview and Level Annotations

Branches:
Dungeon (3/15)

Altars:
Uskayaw


Message History

The gnoll is severely wounded.
The gnoll hits you with a +0 whip.
* * * LOW HITPOINT WARNING * * *
The gnoll hits you but does no damage.
It was a potion of flight.
Your roots keep you in place.
The gnoll hits you but does no damage. x2
Casting: Flame Tongue (safe; 1% risk of failure)
Confirm with . or Enter, or press ? or * to list all spells.
Aiming: Flame Tongue (safe; 1% risk of failure)
Press: ? - help, Shift-Dir - straight line, f/p - gnoll
Aim: a gnoll, wielding a +0 whip (severely wounded)
The flame tongue misses the gnoll.
The gnoll completely misses you. x2
Evoke which item? (* to show all) (? for menu, Esc to quit)
Aiming: Random Effects
Press: ? - help, Shift-Dir - straight line, f/p - gnoll
Aim: a gnoll, wielding a +0 whip (severely wounded)
The bolt of poison hits the gnoll!
The gnoll is poisoned.
You kill the gnoll!
The gnoll hits you from afar with a +0 spear.
You die...

#. ... #... #..# ##..##.
>...... #####.......
#..♣)†......
#.###g#...... #.#
#.♣#.....# #.# #.#......#
. ######'###........## #.
#........#.......†.####..
#....[...#...............
#........+..........)....
#........#....##.........


You could see a gnoll.

Vanquished Creatures
  Crazy Yiuf (D:2)
  Terence (D:2)
  Natasha (thrice) (D:2)
  2 gnolls (D:3)
  4 adders
  A worm (D:3)
  3 dart slugs
  A leopard gecko (D:2)
  2 orcs (D:3)
  A ball python (D:3)
  2 giant cockroaches
  8 goblins
  2 hobgoblins
  3 jackals (D:3)
  7 bats
  7 frilled lizards
  13 kobolds
  7 rats
68 creatures vanquished.

Notes
Turn   | Place    | Note
-------+----------+-------------------------------------------
     0 | D:1      | Spazmo the Deep Elf Fire Elementalist began the quest for
                  | the Orb.
     0 | D:1      | Reached XP level 1. HP: 10/10 MP: 6/6
   238 | D:1      | Reached XP level 2. HP: 13/15 MP: 6/8
   743 | D:2      | Noticed Terence
   755 | D:2      | Killed Terence
   755 | D:2      | Reached XP level 3. HP: 14/19 MP: 2/10
   761 | D:2      | Reached skill level 4 in Spellcasting
   853 | D:2      | Reached XP level 4. HP: 24/24 MP: 7/12
   870 | D:2      | Noticed Natasha
   878 | D:2      | Killed Natasha
  1010 | D:2      | Noticed Natasha
  1018 | D:2      | Killed Natasha
  1022 | D:2      | Learned a level 2 spell: Throw Flame
  1026 | D:2      | Learned a level 3 spell: Conjure Flame
  1031 | D:2      | Learned a level 4 spell: Sticky Flame
  1078 | D:2      | Noticed Natasha
  1092 | D:2      | Killed Natasha
  1092 | D:2      | Reached XP level 5. HP: 13/28 MP: 5/14
  1205 | D:2      | Found a runed translucent door.
  1206 | D:2      | Noticed Crazy Yiuf
  1219 | D:2      | Killed Crazy Yiuf
  1259 | D:3      | Found a hide-covered altar of Uskayaw.
  1310 | D:3      | Reached skill level 5 in Spellcasting
  1428 | D:3      | HP: 1/42 [gnoll/+0 spear (3)]
  1434 | D:3      | HP: 2/42 [gnoll/+0 whip (5)]
  1437 | D:3      | Slain by a gnoll

Levels and vault maps discovered:
D:1:      nicolae_arrival_washed_ashore, layout_basic, hangedman_decor_lopped
D:2:      layout_rooms, uniq_natasha, uniq_terence, uniq_crazy_yiuf_cottage
D:3:      minmay_skewed_foursquare, layout_basic, old_standard_altar,
          nicolae_ru_the_path_less_chosen, first_ration,
          kennysheep_decorative_pillar, corexii_item_surrounded_by_moat,
          grunt_ministairs_14

Skill      XL: |  1  2  3  4  5 |
---------------+----------------+-----
Conjurations   | 2 3 |  3.7
Spellcasting   | 4 5 |  5.2
Fire Magic     | 4 |  4.9
Dodging        | |  2.6
Stealth        | |  2.6

Action                   |  1- 3 |  4- 6 || total
-------------------------+-------+-------++-------
Melee: Dagger            |     2 |       ||     2
       Quarterstaff      |       |     6 ||     6
 Cast: Flame Tongue      |    68 |   102 ||   170
       Throw Flame       |       |     2 ||     2
       Conjure Flame     |       |     1 ||     1
Evoke: Wand              |       |     1 ||     1
  Use: Scroll            |     2 |       ||     2
       Potion            |       |     3 ||     3
  Eat: Chunk             |       |     2 ||     2
Armor: Robe              |     8 |     4 ||    12
       Skin              |       |    23 ||    23
Dodge: Dodged            |    28 |    54 ||    82
       Deflected         |       |     1 ||     1

Table legend:
 A = Non-vault XP
 B = Vault XP
 C = Vault XP percentage of total XP
 D = Non-vault monster count
 E = Vault monster count
 F = Vault count percentage of total count
                 A         B        C        D         E       F
            +---------+---------+-------+---------+---------+-------
      Total |     234 |     129 |  35.5 |      62 |       6 |   8.8
            +---------+---------+-------+---------+---------+-------
        D:1 |      31 |       0 |   0.0 |      20 |       0 |   0.0
        D:2 |     111 |     111 |  50.0 |      18 |       3 |  14.3
        D:3 |      92 |      18 |  16.4 |      24 |       3 |  11.1
            +---------+---------+-------+---------+---------+-------
